 Dungeon Crawl Stone Soup version 0.31-a0-640-g39d97e502b (webtiles) character file.

Game seed: 1488160224333555731

3567 thirtiethelement the Reanimator (level 9, -3/73 (91) HPs)
             Began as a Demonspawn Necromancer on Aug 27, 2023.
             Was an Initiate of Sif Muna.
             Slain by a wight
             ... wielding a +4 hand axe
              (4 damage)
             ... on level 7 of the Dungeon on Aug 28, 2023.
             The game lasted 00:25:20 (8687 turns).

thirtiethelement the Reanimator (DsNe)              Turns: 8687, Time: 00:25:20

HP:   -3/73 (91)    AC: 24    Str:  9    XL:     9   Next: 84%
MP:   21/21         EV:  2    Int: 30    God:    Sif Muna [......]
Gold: 367           SH:  4    Dex: 12    Spells: 17/25 levels left

rFire   . . .        c - +3 dagger
rCold   . . .        d - +0 buckler
rNeg    . . .        g - melded +3 leather armour {rF+}
rPois   +            (helmet currently unavailable)
rElec   .            w - melded +1 cloak
rCorr   .            (gloves currently unavailable)
SInv    .            o - melded +0 pair of boots
Will    .....        r - amulet of the acrobat
Stlth   ++           v - ring of poison resistance
HPRegen 0.32/turn    k - +6 ring of intelligence
MPRegen 0.17/turn

%: acrobat
@: tree-form, heavily drained
A: stationary, stasis, torment immunity, boosted hp, (antennae 1), (thin
metallic scales 1), clever 1
a: Renounce Religion


You were on level 7 of the Dungeon.
You worshipped Sif Muna.
Sif Muna was noncommittal.
You were a tree.
You visited 2 branches of the dungeon, and saw 9 of its levels.

You collected 367 gold pieces.

Inventory:

Hand Weapons
 c - a +3 dagger (weapon)
Missiles
 n - 6 boomerangs (quivered)
 u - 5 poisoned darts
Armour
 d - a +0 buckler (worn)
 g - a +3 leather armour of fire resistance (melded)
 o - a +0 pair of boots (melded)
 w - a +1 cloak (melded)
Jewellery
 k - a +6 ring of intelligence (right branch)
 r - an amulet of the acrobat (around neck)
 v - a ring of poison resistance (left branch)
Wands
 e - a wand of iceblast (13)
Scrolls
 f - a scroll of blinking
 h - 2 scrolls of vulnerability
 t - a scroll of poison
Potions
 a - 2 potions of lignification
 b - a potion of magic
 i - 3 potions of mutation
 j - 3 potions of curing {unknown}
 l - a potion of berserk rage {unknown}
 m - a potion of invisibility {unknown}
 p - 2 potions of might {unknown}
 q - a potion of brilliance {unknown}
 s - a potion of degeneration {unknown}
 z - a potion of attraction {unknown}


   Skills:
 + Level 1.6 Fighting
 + Level 2.3 Short Blades
 + Level 1.6 Throwing
 + Level 2.7 Armour
 + Level 3.4 Dodging
 + Level 3.0 Stealth
 + Level 0.2 Shields
 + Level 8.6 Spellcasting
 + Level 10.2 Necromancy
 + Level 0.4 Evocations


You had 17 spell levels left.
You knew the following spells:

 Your Spells              Type           Power      Damage    Failure   Level
a - Necrotise             Necr           100%       1d9       1%          1
b - Vampiric Draining     Necr           65%        2d10      1%          3
c - Animate Dead          Necr           65%        N/A       1%          4

Your spell library contained the following spells:

 Spells                   Type           Power      Damage    Failure   Level
 Agony                    Necr           65%        N/A       2%          5
 Summon Guardian Golem    Hex/Summ       12%        N/A       19%         3
 Summon Mana Viper        Hex/Summ       12%        N/A       87%         5
 Spellforged Servitor     Conj/Summ      6%         N/A       100%        7


Dungeon Overview and Level Annotations

Branches:
Dungeon (8/15)             Temple (1/1) D:7
   Lair: D:8-11

Altars:
Cheibriados
Dithmenos
Fedhas
Gozag
Hepliaklqana
Kikubaaqudgha
Makhleb
Nemelex Xobeh
Okawaru
Ru
Sif Muna
Trog
Vehumet
Wu Jian
Xom
Yredelemnul

Annotations:
D:6 2 transporters


Innate Abilities, Weirdness & Mutations

You are a tree.
Your roots penetrate the ground, keeping you stationary.
You cannot be teleported.
You are immune to unholy pain and torment.
Your maximum health is greatly increased.
Your equipment is partially melded.
((You have a pair of small antennae on your head.))
((You are partially covered in thin metallic scales. (AC +2)))
Your mind is acute. (Int +4, Str/Dex -1)


Message History

The wight attacks as it pursues you! The wight closely misses you.
The wight moves out of view.
A wight comes into view. It is wielding a +3 short sword.
The wight attacks as it pursues you! The wight hits you with a +4 hand axe!
* * * LOW HITPOINT WARNING * * *
You feel drained.
* * * LOW HITPOINT WARNING * * *
The wight attacks as it pursues you! You block the wight's attack.
The wight attacks as it pursues you! The wight completely misses you.
The wight attacks as it pursues you! The wight hits you with a +4 hand axe.
* * * LOW HITPOINT WARNING * * *
You feel drained. The wight attacks as it pursues you!
The wight hits you with a +4 hand axe.
* * * LOW HITPOINT WARNING * * *
The wight attacks as it pursues you! The wight misses you.
There is a stone staircase leading up here.
The wight hits you with a +4 hand axe.
* * * LOW HITPOINT WARNING * * *
You feel drained.
* * * LOW HITPOINT WARNING * * *
You climb upwards.
There is a stone staircase leading down here.
It was a potion of lignification.
You turn into a tree.
Your +1 cloak melds into your body.
Your +0 pair of boots melds into your body.
Your +3 leather armour of fire resistance melds into your body.
You feel less resistant to fire.
Your roots penetrate the ground.
The wight hits you but does no damage.
You hit the wight.
The wight is moderately damaged.
The wight hits you with a +4 hand axe.
* * * LOW HITPOINT WARNING * * *
You feel drained.
* * * LOW HITPOINT WARNING * * *
It was a potion of mutation.
You feel extremely strange.
You feel clever. The wight hits you with a +4 hand axe!
* * * LOW HITPOINT WARNING * * *
You feel drained.
You die...

.⌠.#.⌠.##..#...........##.####
...#...#...#.###.###.#.#.....#
#.###.####.#.# #.##....#.###.#
...#...# #.#.# #.#.......# #.####
.⌠...⌠.# #.#.# #.#.....#.###.#...
...#...# #.#.###.#.#...........##
#.########......#..###.###.######
...#...##..#.###.#####...........
.⌠...⌠....##...z♣......##########
...#...################# ########


You could see a wight.

Vanquished Creatures
  Pikel (D:4)
  Jeremiah (D:6)
  Maggie (D:6)
  Eustachio (D:6)
  A wyvern (D:7)
  Menkaure (D:5)
  Duvessa (D:5)
  2 orc warriors
  A black bear (D:7)
  2 ogres (D:5)
  2 sky beasts
  2 centaurs
  A phantom (D:4)
  3 scorpions
  Dowan (D:5)
  5 jellies
  An orc priest (D:5)
  4 hounds
  Crazy Yiuf (D:3)
  5 iguanas
  Terence (D:3)
  A sleepcap (D:6)
  Natasha (thrice) (D:3)
  8 orc wizards
  3 gnolls (D:5)
  4 adders
  A shadow imp (D:8)
  A white imp (D:7)
  An ufetubus (D:6)
  2 worms
  2 dart slugs (D:3)
  17 orcs
  5 endoplasms
  6 giant cockroaches
  5 goblins
  6 hobgoblins
  3 jackals (D:2)
  3 quokkas
  3 ball pythons
  9 bats
  6 frilled lizards
  12 kobolds
  6 rats
145 creatures vanquished.

Vanquished Creatures (collateral kills)
  An orc (D:6)
  A jackal (D:2)
  A kobold (D:1)
  A ball python (D:2)
  A frilled lizard (D:1)
5 creatures vanquished.

Vanquished Creatures (others)
  2 orc zombies (D:5)
2 creatures vanquished.

Grand Total: 152 creatures vanquished

Notes
Turn   | Place    | Note
-------+----------+-------------------------------------------
     0 | D:1      | thirtiethelement the Demonspawn Necromancer began the quest
                  | for the Orb.
     0 | D:1      | Reached XP level 1. HP: 13/13 MP: 3/3
   244 | D:1      | Gained mutation: You are partially covered in thin metallic
                  | scales. (AC +2) [demonic ancestry]
   244 | D:1      | Reached XP level 2. HP: 19/19 MP: 3/5
   484 | D:1      | Reached skill level 5 in Necromancy
   773 | D:2      | Reached XP level 3. HP: 24/24 MP: 4/6
   792 | D:2      | Learned a level 3 spell: Vampiric Draining
  1509 | D:2      | Reached XP level 4. HP: 30/30 MP: 3/8
  1596 | D:2      | Found a blossoming altar of Fedhas.
  1818 | D:3      | Noticed Natasha
  1830 | D:3      | Killed Natasha
  1852 | D:3      | Noticed Natasha
  1862 | D:3      | Killed Natasha
  1968 | D:3      | Reached XP level 5. HP: 35/35 MP: 6/9
  1978 | D:3      | Learned a level 4 spell: Animate Dead
  2215 | D:3      | Noticed Terence
  2222 | D:3      | Killed Terence
  2389 | D:3      | Reached skill level 6 in Necromancy
  2526 | D:3      | Noticed Natasha
  2531 | D:3      | Killed Natasha
  2908 | D:3      | Found a runed translucent door.
  2909 | D:3      | Noticed Crazy Yiuf
  2918 | D:3      | Killed Crazy Yiuf
  2919 | D:3      | Reached XP level 6. HP: 41/41 MP: 4/12
  3197 | D:4      | Noticed Pikel
  3214 | D:4      | Killed Pikel
  3215 | D:4      | Reached skill level 1 in Armour
  3215 | D:4      | Reached skill level 5 in Spellcasting
  3215 | D:4      | Reached XP level 7. HP: 45/47 MP: 0/15
  3623 | D:4      | Reached skill level 7 in Necromancy
  3632 | D:4      | Reached skill level 1 in Throwing
  4815 | D:5      | Entered Level 5 of the Dungeon
  4830 | D:5      | Reached XP level 8. HP: 46/53 MP: 9/16
  5117 | D:5      | Reached skill level 1 in Short Blades
  5336 | D:5      | Noticed Menkaure
  5358 | D:5      | Noticed Duvessa
  5358 | D:5      | Noticed Dowan
  5595 | D:5      | Killed Duvessa
  5600 | D:5      | Killed Dowan
  5911 | D:5      | Reached skill level 8 in Necromancy
  6003 | D:5      | Killed Menkaure
  6004 | D:5      | Reached skill level 1 in Fighting
  6150 | D:5      | Found an iron altar of Okawaru.
  6453 | D:6      | Gained mutation: You have a pair of small antennae on your
                  | head. [demonic ancestry]
  6453 | D:6      | Reached XP level 9. HP: 59/59 MP: 15/20
  6574 | D:6      | Noticed a troll
  6574 | D:6      | Noticed a troll
  6577 | D:6      | Found a transporter.
  6577 | D:6      | Found an opulent altar of Gozag.
  6577 | D:6      | Noticed a troll
  6578 | D:6      | Noticed Maggie
  6579 | D:6      | Noticed a cyclops
  6592 | D:6      | Killed Maggie
  6593 | D:6      | Reached skill level 9 in Necromancy
  6708 | D:6      | Noticed Jeremiah
  6764 | D:6      | Killed Jeremiah
  6908 | D:6      | Found a sparkling altar of Nemelex Xobeh.
  7079 | D:6      | Got Neufub's Catalogue of Apparitions
  7106 | D:6      | Noticed Eustachio
  7228 | D:6      | Killed Eustachio
  7368 | D:6      | Found a transporter.
  7919 | D:7      | Reached skill level 10 in Necromancy
  8326 | D:7      | Found a staircase to the Ecumenical Temple.
  8333 | Temple   | Entered the Ecumenical Temple
  8350 | Temple   | Became a worshipper of Sif Muna the Loreminder
  8687 | D:7      | Gained mutation: Your mind is acute. (Int +4, Str/Dex -1)
                  | [potion of mutation]
  8687 | D:7      | HP: 1/75 [wight/+4 hand axe (8)]
  8687 | D:7      | Slain by a wight

Illustrated notes

Levels and vault maps discovered:
D:1:      sevenhm_arrival_forest_fort_small_3, layout_basic, hex_tiny
D:2:      layout_basic, basic_altar
D:3:      layout_loops_ring, minivault_14, kennysheep_doodads,
          kennysheep_minor_cross, corexii_item_surrounded_by_moat, uniq_terence,
          uniq_crazy_yiuf_cottage, uniq_natasha
D:4:      layout_layer_cave, uniq_pikel
D:5:      layout_gridville, mainiacjoe_overflow_small_starburst,
          marbit_many_paths, uniq_menkaure, uniq_duvessa
D:6:      layout_basic, gammafunk_temple_overflow_arena,
          nicolae_overflow_hidden_temple, uniq_jeremiah, uniq_eustachio,
          uniq_maggie
D:7:      layout_loops_ring, minmay_temple_entry_nine_rooms
D:8:      layout_basic
Temple:   dshaligram_water_room_temple

Skill      XL: |  1  2  3  4  5  6  7  8  9 |
---------------+----------------------------+-----
Dodging        | 2 3 |  3.4
Necromancy     | 5 6 7 8 10 | 10.2
Stealth        | 2 3 |  3.0
Spellcasting   | 3 4 5 7 8 |  8.6
Armour         | 1 2 |  2.7
Throwing       | 1 |  1.6
Short Blades   | 1 2 |  2.3
Fighting       | 1 |  1.6
Shields        | |  0.2
Evocations     | |  0.4

Action                     |  1- 3 |  4- 6 |  7- 9 || total
---------------------------+-------+-------+-------++-------
  Melee: Unarmed           |     6 |       |       ||     6
         Dagger            |    18 |    21 |   195 ||   234
         Punch             |       |       |     1 ||     1
         Short sword       |       |       |    61 ||    61
  Throw: Dart              |       |     6 |     9 ||    15
         Boomerang         |       |       |    16 ||    16
   Cast: Necrotise         |    62 |    51 |    82 ||   195
         Vampiric Draining |       |     9 |    63 ||    72
         Animate Dead      |       |       |     1 ||     1
  Evoke: Wand              |       |       |     5 ||     5
    Use: Scroll            |       |       |    12 ||    12
         Potion            |       |       |     5 ||     5
   Stab: Sleeping          |     4 |     1 |     3 ||     8
         Distracted        |       |     1 |       ||     1
 Armour: Leather armour    |    11 |     6 |   133 ||   150
         Robe              |     1 |       |       ||     1
         Skin              |       |       |     1 ||     1
  Dodge: Dodged            |    17 |    20 |   242 ||   279
  Block: Buckler           |       |       |    16 ||    16

Table legend: (Time is in decaauts)
 A = Elapsed time spent in this place.
 B = Non-inter-level travel time spent in this place.
 C = Inter-level travel time spent in this place.
 D = Time resting spent in this place.
 E = Time spent auto-exploring this place.
 F = Levels seen in this place.
 G = Mean time per level.
                   A        B        C        D        E       F      G
               +--------+--------+--------+--------+--------+-----+--------+
         Total |   8698 |   8488 |    210 |    677 |   6317 |   9 |  966.4 |
       Dungeon |   8672 |   8462 |    210 |    677 |   6317 |   8 | 1084.0 |
        Temple |     26 |     26 |      0 |      0 |      0 |   1 |   26.0 |
               +--------+--------+--------+--------+--------+-----+--------+

Top non-repeatable levels by time:
     D:4: 1632 daAuts
     D:3: 1439 daAuts
     D:5: 1390 daAuts
     D:6: 1384 daAuts
     D:2: 1038 daAuts
     D:7: 920 daAuts
     D:1: 718 daAuts
     D:8: 147 daAuts
  Temple: 26 daAuts
